 Dungeon Crawl Stone Soup version 0.27.1 (webtiles) character file.

Game seed: 5377804363856749615

86 Atelerd the Digger (level 4, -3/27 HPs)
             Began as an Octopode Earth Elementalist on Sept 2, 2021.
             Slain by Sigmund (4 damage)
             ... on level 2 of the Dungeon.
             The game lasted 00:02:09 (2471 turns).

Atelerd the Digger (Octopode Earth Elementalist)    Turns: 2471, Time: 00:02:12

Health: -3/27      AC:  1    Str:  7    XL:     4   Next: 49%
Magic:  8/8        EV: 13    Int: 18    God:
Gold:   27         SH:  0    Dex: 12    Spells: 7/8 levels left

rFire    . . .     SeeInvis .   k - +3 dagger (speed)
rCold    . . .     Faith    .   (no shield)
rNeg     . . .     Spirit   .   (helmet restricted)
rPois    .         Reflect  .   (no amulet)
rElec    .         Harm     .   (no ring)
rCorr    .         Rampage  .   (no ring)
Will     .....                  (no ring)
Stlth    +++.......             (no ring)
HPRegen  0.09/turn              (no ring)
MPRegen  0.11/turn              (no ring)
                                (no ring)
                                (no ring)

@: no status effects
A: almost no armour, amphibious, 8 rings, camouflage 1, gelatinous body 1,
(nimble swimmer 1), tentacles
a: no special abilities


You were on level 2 of the Dungeon.
You visited 1 branch of the dungeon, and saw 2 of its levels.

You collected 27 gold pieces.

Inventory:

Hand Weapons
 h - a +0 dagger
 i - a +2 dagger of freezing
 k - a +3 dagger of speed (weapon)
Missiles
 b - 58 stones
Scrolls
 e - a scroll of teleportation {unknown}
 f - a scroll of silence {unknown}
 j - a scroll of fog {unknown}
 l - a scroll of magic mapping {unknown}
Potions
 a - a potion of might {unknown}
 c - a potion of curing {unknown}
 d - 2 potions of brilliance {unknown}
 g - a potion of degeneration {unknown}
 m - a potion of heal wounds {unknown}


   Skills:
 - Level 2.0 Dodging
 - Level 2.6 Stealth
 + Level 2.9 Spellcasting
 + Level 2.4 Transmutations
 + Level 3.8 Earth Magic


You had 7 spell levels left.
You knew the following spells:

 Your Spells              Type           Power      Damage    Failure   Level
a - Sandblast             Erth           32%        2d9       3%          1

Your spell library contained the following spells:

 Spells                   Type           Power      Damage    Failure   Level
 Passwall                 Tmut/Erth      11%        N/A       7%          2
 Stone Arrow              Conj/Erth      18%        3d8       22%         3
 Petrify                  Tmut/Erth      14%        N/A       41%         4


Dungeon Overview and Level Annotations

Branches:
Dungeon (2/15)

Altars:

Annotations:
D:2 1 runed translucent door, Crazy Yiuf, Sigmund


Innate Abilities, Weirdness & Mutations

You cannot wear most types of armour.
You are amphibious.
You can wear up to eight rings at the same time.
Your skin changes colour to match your surroundings (Stealth+).
Your rubbery body absorbs attacks. (AC +1, EV +1)
((You are camouflaged near water. (Stealth+)))
You have tentacles for arms and can constrict up to eight enemies at once.


Message History

The worm is heavily wounded.
You constrict the worm, but do no damage.
You hit the worm but do no damage. You squeeze the worm.
The worm is severely wounded.
You constrict the worm, but do no damage.
The worm bites you.
You hit the worm but do no damage.
The worm is severely wounded.
You constrict the worm. You hit the worm.
You kill the worm!
Unknown command.
No target in view!
No target in view!
Unknown command.
No target in view!
Found a scroll labelled NYABUL ET POFO.
l - a scroll labelled NYABUL ET POFO
Found an escape hatch in the floor.
Found a stone staircase leading up.
Found a chain mail.
Found a fizzy emerald potion.
No target in view!
No target in view!
m - a fizzy emerald potion No target in view!
Found a stone staircase leading down.
No target in view!
Sigmund the Dreaded comes into view.
He is wielding a +3 vorpal scythe and wearing a +2 robe of positive energy.
Sigmund hits you from afar with a +3 vorpal scythe!
Sigmund is nearby!
Sigmund drinks a potion.
Sigmund seems to speed up.
Sigmund is nearby!
You hit Sigmund. You grab Sigmund. You squeeze Sigmund, but do no damage.
Sigmund is lightly wounded.
You constrict Sigmund.
Sigmund hits you with a +3 vorpal scythe!
Ouch! That really hurt!
* * * LOW HITPOINT WARNING * * *
You die...

##### #####...##
.^.......##
######....# ###
#....# ###########
#.# ♣....♣
#.........# ..#
♣♣...♣
######.#######.# #.#
♣♣.♣♣
#..@@..........# .##
♣♣.♣
#........#.##..######
..# ♣.♣♣
#..###...#.........>.
#.# ♣♣.♣
#..#.....####..######
### ♣.♣♣
#..#......###..#####
#.# #+#
#..#...............#
..# ...
#..#......###..###.#
..# #...#
#........####..# #.#
#)..# #.#...........#


You could see Sigmund (fast).

Vanquished Creatures
  Jessica (D:2)
  An adder (D:2)
  A worm (D:2)
  2 dart slugs (D:1)
  3 bats
  2 endoplasms (D:1)
  3 giant cockroaches (D:1)
  4 goblins (D:1)
  7 hobgoblins
  4 jackals (D:1)
  3 kobolds (D:2)
  2 quokkas (D:1)
  5 ball pythons (D:1)
  2 frilled lizards
  2 rats
42 creatures vanquished.

Notes
Turn   | Place    | Note
-------+----------+-------------------------------------------
     0 | D:1      | Atelerd the Octopode Earth Elementalist began the quest for
                  | the Orb.
     0 | D:1      | Reached XP level 1. HP: 11/11 MP: 3/3
   407 | D:1      | Reached XP level 2. HP: 15/17 MP: 3/5
   963 | D:1      | Reached XP level 3. HP: 17/21 MP: 6/6
  2049 | D:2      | Noticed Jessica
  2056 | D:2      | Killed Jessica
  2057 | D:2      | Reached XP level 4. HP: 17/27 MP: 8/8
  2215 | D:2      | Found a runed translucent door.
  2216 | D:2      | Noticed Crazy Yiuf
  2468 | D:2      | Noticed Sigmund
  2471 | D:2      | HP: 1/27 [Sigmund (14)]
  2471 | D:2      | Slain by Sigmund

Illustrated notes

Levels and vault maps discovered:
D:1:      tarquinn_simple_flora_water_b, layout_basic
D:2:      layout_loops_ring, uniq_sigmund, uniq_crazy_yiuf_cottage, uniq_jessica

Skill      XL: |  1  2  3 |
---------------+----------+-----
Transmutations | 2 |  2.4
Dodging        | |  2.0
Stealth        | |  2.6
Spellcasting   | |  2.9
Earth Magic    | |  3.8

Action                   |  1- 3 |  4- 6 || total
-------------------------+-------+-------++-------
Melee: Unarmed           |    55 |       ||    55
       Constrict         |    17 |     2 ||    19
       Tentacles         |    10 |     2 ||    12
       Dagger            |    10 |     5 ||    15
 Cast: Sandblast         |    24 |       ||    24
 Stab: Sleeping          |    12 |     1 ||    13
Armor: Skin              |     6 |       ||     6
Dodge: Dodged            |    56 |       ||    56
